 Dungeon Crawl Stone Soup version 0.31-b1-17-gcfd88c8481 (webtiles) character file.

Game seed: 992057861688671104

103 Arctor the Vexing (level 4, -2/51 HPs)
             Began as a Gnoll Hexslinger on Jan 16, 2024.
             Slain by Terence
             ... wielding a +0 short sword
              (3 damage)
             ... on level 2 of the Dungeon.
             The game lasted 00:02:37 (2187 turns).

Arctor the Vexing (Gnoll Hexslinger)                Turns: 2187, Time: 00:02:38

Health: -2/51      AC: 22    Str:  7    XL:     4   Next: 79%
Magic:  8/8        EV:  2    Int: 12    God:
Gold:   113        SH:  0    Dex: 17    Spells: 9/9 levels left

rFire   . . .        a - +2 sling
rCold   . . .        (no shield)
rNeg    . . .        c - melded +0 robe
rPois   +            (helmet currently unavailable)
rElec   .            (cloak currently unavailable)
rCorr   .            (gloves currently unavailable)
SInv    +            (boots currently unavailable)
Will    .....        (no amulet)
Stlth   ++           k - ring of see invisible
HPRegen 0.28/turn    (no ring)
MPRegen 0.11/turn

%: no passive effects
@: tree-form
A: stationary, stasis, torment immunity, boosted hp, (fangs 1), strong nose,
distributed training
a: no special abilities


You were on level 2 of the Dungeon.
You were a tree.
You visited 1 branch of the dungeon, and saw 4 of its levels.

You collected 113 gold pieces.

Inventory:

Hand Weapons
 a - a +2 sling (weapon)
Armour
 c - a +0 robe (melded)
Jewellery
 k - a ring of see invisible (left branch)
Talismans
 g - a beast talisman
Scrolls
 b - 2 scrolls of poison
 h - a scroll of teleportation
 j - a scroll of torment {unknown}
Potions
 e - a potion of berserk rage


   Skills:
 + Level 2.8 Fighting
 + Level 1.3 Short Blades
 + Level 1.3 Long Blades
 + Level 1.3 Axes
 + Level 1.3 Maces & Flails
 + Level 1.3 Polearms
 + Level 1.3 Staves
 + Level 4.7 Ranged Weapons
 + Level 1.3 Throwing
 + Level 1.3 Armour
 + Level 4.7 Dodging
 + Level 1.3 Stealth
 + Level 1.3 Shields
 + Level 1.3 Unarmed Combat
 + Level 3.1 Spellcasting
 + Level 1.0 Conjurations
 + Level 5.5 Hexes
 + Level 1.0 Summonings
 + Level 1.0 Necromancy
 + Level 1.0 Translocations
 + Level 2.3 Fire Magic
 + Level 1.0 Ice Magic
 + Level 1.0 Air Magic
 + Level 1.0 Earth Magic
 + Level 1.0 Alchemy
 + Level 1.4 Invocations
 + Level 1.3 Evocations
 + Level 1.2 Shapeshifting


You had 9 spell levels left.
You didn't know any spells.
Your spell library contained the following spells:

 Spells                   Type           Power      Damage    Failure   Level
 Jinxbite                 Hex            30%        N/A       3%          2
 Sigil of Binding         Hex            15%        N/A       8%          3
 Inner Flame              Hex/Fire       11%        N/A       14%         3
 Freeze                   Ice            16%        1d4       16%         1
 Cigotuvi's Dreadful Rot  Necr/Alch/Air  8%         N/A       24%         2
 Cause Fear               Hex            7%         N/A       26%         4
 Frozen Ramparts          Ice            8%         1d2       43%         3
 Hailstorm                Conj/Ice       4%         3d5       43%         3
 Dimensional Bullseye     Hex/Tloc       4%         N/A       54%         4
 Ignite Poison            Fire/Alch      5%         N/A       77%         4
 Leda's Liquefaction      Alch/Erth      2%         N/A       83%         4
 Manifold Assault         Tloc           4%         N/A       83%         4
 Petrify                  Alch/Erth      4%         N/A       83%         4
 Metabolic Englaciation   Hex/Ice        4%         N/A       87%         5
 Freezing Cloud           Conj/Ice/Air   2%         6-21      99%         5
 Dispersal                Tloc           2%         N/A       100%        6
 Disjunction              Tloc           2%         N/A       100%        8


Dungeon Overview and Level Annotations

Branches:
Dungeon (4/15)
 Temple: D:4-7

Altars:

Shops:
D:1 [

Annotations:
D:2 Terence


Innate Abilities, Weirdness & Mutations

You are a tree.
Your roots penetrate the ground, keeping you stationary.
You cannot be teleported.
You are immune to unholy pain and torment.
Your maximum health is greatly increased.
Your equipment is partially melded.
((You have very sharp teeth.))
Your uncanny sense of smell can sniff out nearby items.
Your experience applies equally to all skills.


Message History

There is a stone staircase leading down here.
It was a potion of lignification.
You turn into a tree.
Your +0 robe melds into your body.
Your roots penetrate the ground.
Terence hits you but does no damage.
You shoot a sling bullet.
The sling bullet hits Terence but does no damage.
Terence is moderately wounded.
Terence hits you with a +0 short sword.
* * * LOW HITPOINT WARNING * * *
You shoot a sling bullet. The sling bullet barely misses Terence.
Terence looks scornfully at you. Terence hits you with a +0 short sword.
* * * LOW HITPOINT WARNING * * *
You shoot a sling bullet. The sling bullet barely misses Terence.
Terence hits you but does no damage. Terence hits you with a +0 short sword.
* * * LOW HITPOINT WARNING * * *
You shoot a sling bullet. The sling bullet barely misses Terence.
Terence hits you with a +0 short sword.
* * * LOW HITPOINT WARNING * * *
You shoot a sling bullet.
The sling bullet completely misses Terence.
Terence hits you but does no damage.
You shoot a sling bullet.
The sling bullet hits Terence but does no damage.
Terence is moderately wounded.
Terence hits you with a +0 short sword.
* * * LOW HITPOINT WARNING * * *
You shoot a sling bullet.
The sling bullet hits Terence but does no damage.
Terence is moderately wounded.
Terence hits you but does no damage.
Okay, then.
As you read the scroll of enchant weapon, it crumbles to dust.
Your +1 sling glows red for a moment.
Terence hits you with a +0 short sword.
* * * LOW HITPOINT WARNING * * *
You shoot a sling bullet. The sling bullet hits Terence!
Terence is severely wounded.
Terence hits you with a +0 short sword.
You die...
Terence says, "Time to find some more victims."

######## .......#
######.# #.#
##.###########
#...........♣#
#..#########@#### #..#
#.........#
#####..####.####.##.#
............# #[##.#
###....###### #.##.#
###.#.######## #.##.#
.............###.##.#
###.#...............###


You could see Terence.

Vanquished Creatures
  Robin (D:3)
  An adder (D:2)
  2 dart slugs (D:1)
  2 ribbon worms
  4 ball pythons
  3 bats (D:1)
  8 endoplasms
  2 giant cockroaches
  10 goblins
  8 hobgoblins
  13 jackals
  3 quokkas (D:1)
  3 kobolds
  2 rats (D:2)
62 creatures vanquished.

Notes
Turn   | Place    | Note
-------+----------+-------------------------------------------
     0 | D:1      | Arctor the Gnoll Hexslinger began the quest for the Orb.
     0 | D:1      | Reached XP level 1. HP: 17/17 MP: 4/4
    78 | D:1      | Reached XP level 2. HP: 20/23 MP: 5/5
   191 | D:1      | Found Dynlan's Antique Armour Shop.
   431 | D:1      | Reached XP level 3. HP: 28/28 MP: 7/7
   687 | D:1      | Found a faded altar of an unknown god.
   702 | D:1      | Reached skill level 1 in Invocations
  1031 | D:2      | Reached skill level 1 in Short Blades
  1031 | D:2      | Reached skill level 1 in Long Blades
  1031 | D:2      | Reached skill level 1 in Axes
  1031 | D:2      | Reached skill level 1 in Maces & Flails
  1031 | D:2      | Reached skill level 1 in Polearms
  1031 | D:2      | Reached skill level 1 in Staves
  1031 | D:2      | Reached skill level 1 in Throwing
  1031 | D:2      | Reached skill level 1 in Armour
  1031 | D:2      | Reached skill level 1 in Stealth
  1031 | D:2      | Reached skill level 1 in Shields
  1031 | D:2      | Reached skill level 1 in Unarmed Combat
  1031 | D:2      | Reached skill level 1 in Evocations
  1229 | D:2      | Reached skill level 1 in Shapeshifting
  1229 | D:2      | Reached XP level 4. HP: 34/34 MP: 8/8
  1912 | D:3      | Noticed Robin
  1934 | D:3      | Reached skill level 1 in Conjurations
  1934 | D:3      | Reached skill level 1 in Summonings
  1934 | D:3      | Reached skill level 1 in Necromancy
  1934 | D:3      | Reached skill level 1 in Translocations
  1934 | D:3      | Reached skill level 1 in Ice Magic
  1934 | D:3      | Reached skill level 1 in Air Magic
  1934 | D:3      | Reached skill level 1 in Earth Magic
  1934 | D:3      | Reached skill level 1 in Alchemy
  2099 | D:3      | Killed Robin
  2166 | D:3      | Noticed Terence
  2186 | D:2      | HP: 1/51 [Terence/+0 short sword (3)]
  2187 | D:2      | Slain by Terence

Illustrated notes

Levels and vault maps discovered:
D:1:      ncdulo_smallfort, layout_basic, serial_shops,
          nicolae_shop_getting_attention, dreamdust_ecumenical_altar_statues
D:2:      layout_loops_ring
D:3:      layout_basic, uniq_terence, uniq_robin, uniq_crazy_yiuf_cottage
D:4:      layout_cave_pools, nicolae_overflow_squiral,
          hellmonk_ghost_happy_afterlife

Skill      XL: |  1  2  3  4 |
---------------+-------------+-----
Fire Magic     | 2 |  2.3
Invocations    | 1 |  1.4
Short Blades   | 1 |  1.3
Long Blades    | 1 |  1.3
Axes           | 1 |  1.3
Maces & Flails | 1 |  1.3
Polearms       | 1 |  1.3
Staves         | 1 |  1.3
Throwing       | 1 |  1.3
Armour         | 1 |  1.3
Stealth        | 1 |  1.3
Shields        | 1 |  1.3
Unarmed Combat | 1 |  1.3
Evocations     | 1 |  1.3
Shapeshifting  | 1 |  1.2
Spellcasting   | 3 |  3.1
Conjurations   | 1 |  1.0
Summonings     | 1 |  1.0
Necromancy     | 1 |  1.0
Translocations | 1 |  1.0
Ice Magic      | 1 |  1.0
Air Magic      | 1 |  1.0
Earth Magic    | 1 |  1.0
Alchemy        | 1 |  1.0
Fighting       | |  2.8
Ranged Weapons | |  4.7
Dodging        | |  4.7
Hexes          | |  5.5

Action                     |  1- 3 |  4- 6 || total
---------------------------+-------+-------++-------
   Fire: Sling             |   131 |    98 ||   229
    Use: Scroll            |     5 |     1 ||     6
         Potion            |       |     5 ||     5
 Armour: Robe              |    39 |    50 ||    89
         Skin              |       |    11 ||    11
  Dodge: Dodged            |    78 |    80 ||   158
